 Dungeon Crawl Stone Soup version 0.32-a0-131-g9dbbe29261 (webtiles) character file.

Game seed: 10077681814541216868

7 Esekla the Sneak (level 2, 21/21 HPs)
             Began as an Octopode Delver on Feb 8, 2024.
             Quit the game on level 5 of the Dungeon.
             The game lasted 00:01:34 (165 turns).

Esekla the Sneak (Octopode Delver)                   Turns: 165, Time: 00:01:35

Health: 21/21      AC:  1    Str: 11    XL:     2   Next: 0%
Magic:  2/2        EV: 13    Int: 12    God:
Gold:   14         SH:  0    Dex: 13    Spells: 1/1 levels left

rFire   . . .        a - +0 falchion
rCold   . . .        (no shield)
rNeg    . . .        (helmet restricted)
rPois   .            (no amulet)
rElec   .            (no ring)
rCorr   .            (no ring)
SInv    .            (no ring)
Will    .....        (no ring)
Stlth   ++++         (no ring)
HPRegen 0.23/turn    (no ring)
MPRegen 0.08/turn    (no ring)
                     (no ring)

%: no passive effects
@: no status effects
A: almost no armour, amphibious, 8 rings, camouflage 1, gelatinous body 1,
(nimble swimmer 1), tentacles
a: no special abilities


You were on level 5 of the Dungeon.
You visited 1 branch of the dungeon, and saw 1 of its levels.

You collected 14 gold pieces.

Inventory:

Hand Weapons
 a - a +0 falchion (weapon)
Wands
 f - a wand of digging (3)
Scrolls
 b - a scroll of fog
 c - a scroll of teleportation {unknown}
 d - 2 scrolls of fear
Potions
 e - a potion of haste
 g - a potion of mutation {unknown}


   Skills:
 * Level 3.1 Fighting
 + Level 2.0 Long Blades
 * Level 2.0 Dodging
 + Level 6.8 Stealth
 * Level 0.2 Spellcasting


You had one spell level left.
You didn't know any spells.
Your spell library was empty.

Dungeon Overview and Level Annotations

Branches:
Dungeon (5/15)
 Temple: D:4-7

Altars:
Qazlal


Innate Abilities, Weirdness & Mutations

You cannot wear most types of armour.
You are amphibious.
You can wear up to eight rings at the same time.
Your skin changes colour to match your surroundings (Stealth+).
Your rubbery body absorbs attacks. (AC +1, EV +1)
((You are camouflaged when in or above water. (Stealth+)))
You have tentacles for arms and can constrict up to eight enemies at once.


Message History

The heart of this dungeon contains the terrific artefact, the Orb of Zot.
Press ? for a list of commands and other information.
Found 7 gold pieces and a yellow potion.
Found a stone staircase leading down.
Found 7 gold pieces.
g - a yellow potion You now have 7 gold pieces.
You now have 14 gold pieces (gained 7).
As you read the scroll of revelation, it crumbles to dust.
You feel aware of your surroundings.
You sensed 1 altar.
A white imp comes into view.
Found a scroll of fear.
Okay, then.
The white imp shouts, "Decamp, thou skyhacking dismal-dreaming whip-jack!"
You closely miss the white imp. Your grab misses the white imp.
The white imp closely misses you.
You hit the white imp. You grab the white imp.
The white imp is lightly wounded.
You constrict the white imp, but do no damage.
The white imp hits you. The white imp freezes you.
You hit the white imp but do no damage.
The white imp is lightly wounded.
You constrict the white imp. The white imp hits you. The white imp freezes you.
You hit the white imp.
You tentacle-slap the white imp, but do no damage.
You squeeze the white imp.
You kill the white imp!
You have reached level 2!
Found a scroll labelled VEFYEN RIZXUH.
d - 2 scrolls of fear (gained 1)
You start resting.
HP restored.
Found a stone staircase leading up.
A howler monkey comes into view.
c - a scroll labelled VEFYEN RIZXUH A phantom comes into view.
Found a stone staircase leading down.
A bombardier beetle comes into view.
Found a stormy altar of Qazlal.
Are you sure you want to abandon this character and quit the game? (Confirm with "yes".)

####............,,,,,,*,,,,,,,,,,
................,..,,,**,,,,,,,,,
.###.##.....#..,,..,,,***,,,,,,,,
.# #.##.......,,,..,,,,,,,,,,,,,,
####.##B....#***..#####,*,,,,**,,
#...##.....#*..#.#...,,,,<,,****
##...##.....#...._..***,,,,,,*
..............###.#** ******,**
##...#.....#####@.# *,,**
#...#####.......## **,,* #####
####..### **,* #..# *** ####


There were no monsters in sight!

Vanquished Creatures
  A white imp (D:5)
1 creature vanquished.

Notes
Turn   | Place    | Note
-------+----------+-------------------------------------------
     0 | D:5      | Esekla the Octopode Delver began the quest for the Orb.
     0 | D:5      | Reached XP level 1. HP: 16/16 MP: 1/1
    42 | D:5      | Reached XP level 2. HP: 7/21 MP: 2/2
   110 | D:5      | Noticed a howler monkey
   147 | D:5      | Noticed a phantom
   154 | D:5      | Noticed a bombardier beetle
   163 | D:5      | Found a stormy altar of Qazlal.
   165 | D:5      | Quit the game

Illustrated notes

Levels and vault maps discovered:
D:5:      layout_rooms, lemuel_crystal_altar, grunt_ministairs_12

Action                     || total
---------------------------++-------
  Melee: Falchion          ||     4
         Constrict         ||     1
         Punch             ||     1
         Tentacles         ||     1
    Use: Scroll            ||     1
 Armour: Skin              ||     2
  Dodge: Dodged            ||     1

Table legend: (Time is in decaauts)
 A = Elapsed time spent in this place.
 B = Non-inter-level travel time spent in this place.
 C = Inter-level travel time spent in this place.
 D = Time resting spent in this place.
 E = Time spent auto-exploring this place.
 F = Levels seen in this place.
 G = Mean time per level.
                   A        B        C        D        E       F      G
               +--------+--------+--------+--------+--------+-----+--------+
         Total |    165 |    165 |      0 |     53 |      0 |   1 |  165.0 |
       Dungeon |    165 |    165 |      0 |     53 |      0 |   1 |  165.0 |
               +--------+--------+--------+--------+--------+-----+--------+

Top non-repeatable levels by time:
     D:5: 165 daAuts
